 Dungeon Crawl Stone Soup version 0.31-a0-66-ge618eeaa78 (webtiles) character file.

Game seed: 14851758308856207111

52 lunkers the Cudgeller (level 4, -2/36 HPs)
             Began as a Meteoran Warper on May 22, 2023.
             Was a Follower of Fedhas.
             Slain by a gnoll
             ... wielding a +0 flail
              (6 damage)
             ... on level 3 of the Dungeon.
             The game lasted 00:02:27 (898 turns).

lunkers the Cudgeller (Meteoran Warper)              Turns: 898, Time: 00:02:28

Health: -2/36      AC:  3    Str: 14    XL:     4   Next: 29%
Magic:  9/9        EV:  6    Int: 14    God:    Fedhas [*.....]
Gold:   99         SH:  0    Dex: 14    Spells: 8/8 levels left

rFire   . . .        a - +1 mace
rCold   . . .        (no shield)
rNeg    . . .        b - +0 leather armour
rPois   .            (no helmet)
rElec   .            (no cloak)
rCorr   .            (no gloves)
SInv    .            (no boots)
Will    .....        (no amulet)
Stlth   +            (no ring)
HPRegen 0.26/turn    (no ring)
MPRegen 0.11/turn

%: no passive effects
@: held, glowing
A: sense surroundings 1, otherworldly, glowing, explore regen
a: Renounce Religion


You were on level 3 of the Dungeon.
You worshipped Fedhas.
Fedhas was aware of your devotion.
You visited 1 branch of the dungeon, and saw 3 of its levels.

You collected 99 gold pieces.

Inventory:

Hand Weapons
 a - a +1 mace (weapon)
 i - a +0 heavy sling
Missiles
 d - 7 boomerangs of dispersal
 g - 3 boomerangs
Armour
 b - a +0 leather armour (worn)
Scrolls
 c - a scroll of blinking
 j - a scroll of vulnerability {unknown}
 k - 4 scrolls of immolation {unknown}
 l - a scroll of enchant weapon
Potions
 e - a potion of curing {unknown}
 f - 2 potions of mutation {unknown}
 h - 2 potions of magic {unknown}


   Skills:
 - Level 2.1 Fighting
 + Level 5.4 Maces & Flails
 - Level 1.2 Throwing
 - Level 1.2 Armour
 - Level 2.4 Dodging
 - Level 2.6 Spellcasting
 - Level 3.6 Translocations


You had 8 spell levels left.
You didn't know any spells.
Your spell library contained the following spells:

 Spells                   Type           Power      Damage    Failure   Level
 Blink                    Tloc           24%        N/A       10%         2
 Lesser Beckoning         Tloc           24%        N/A       10%         2
 Teleport Other           Tloc           12%        N/A       19%         3
 Magic Dart               Conj           4%         1d3       26%         1
 Call Imp                 Summ           2%         N/A       38%         2
 Vhi's Electric Charge    Tloc/Air       12%        N/A       41%         3
 Poisonous Vapours        Pois/Air       0%         N/A       43%         2
 Manifold Assault         Tloc           12%        N/A       52%         4
 Mephitic Cloud           Conj/Pois/Air  0%         N/A       69%         3
 Freezing Cloud           Conj/Ice/Air   0%         6-21      100%        5


Dungeon Overview and Level Annotations

Branches:
Dungeon (3/15) Zot: 881

Altars:
Fedhas

Shops:
D:1 :*


Innate Abilities, Weirdness & Mutations

You passively map a small area around you.
You are easily found by Zot.
You glow in the dark.
You regain HP and MP as you explore.


Message History

You hit the orc.
You kill the orc!
Fedhas appreciates your contribution to the ecosystem.
Items here: ( ) [ †.
A bat comes into view.
A bat is nearby!
Found a dagger.
The bat hits you but does no damage.
You closely miss the bat. The bat hits you.
The bat hits you but does no damage. The bat hits you but does no damage.
The bat closely misses you.
You closely miss the bat. The bat hits you but does no damage.
The bat hits you.
The bat hits you but does no damage. 2 gnolls come into view.
Found a stone staircase leading down.
The gnoll shouts! x2; You hear a shout!
The bat hits you but does no damage.
You hit the bat.
You kill the bat!
Fedhas appreciates your contribution to the ecosystem.
A gnoll comes into view. It is wielding a +0 whip.
The gnoll shouts!
A gnoll comes into view. It is wielding a +0 club.
You barely miss the gnoll. The gnoll closely misses you. x2
You barely miss the gnoll. The gnoll hits you with a +0 flail. x2
You closely miss the gnoll. The gnoll hits you with a +0 flail!
* * * LOW HITPOINT WARNING * * *
The gnoll hits you with a +0 flail!
* * * LOW HITPOINT WARNING * * *
The gnoll hits you with a +0 flail.
* * * LOW HITPOINT WARNING * * *
The gnoll attacks as you move away! The gnoll closely misses you.
The gnoll attacks as you move away! The gnoll hits you with a +0 whip.
* * * LOW HITPOINT WARNING * * *
The gnoll throws a throwing net.
The throwing net hits you.
You become entangled in the net!
You see here a throwing net.
You struggle against the net.
The gnoll hits you with a +0 flail.
You die...
Fedhas appreciates your contribution to the ecosystem.

* * #.# #.# #.# ### #.#
##########.#
.########.#####.<.........
..........................
*
..........................
..........................
....)...g@......).........
..........................
.......gg†.....)..........
,
.......g..................
, ,
*#.........................
#.........................
*
#.........................
*
#.........................
,
#.....>...................


You could see 4 gnolls.

Vanquished Creatures
  An adder (D:2)
  A worm (D:2)
  A dart slug (D:3)
  An orc (D:3)
  2 ball pythons
  4 endoplasms
  A giant cockroach (D:1)
  7 goblins
  4 hobgoblins (D:1)
  A quokka (D:1)
  5 bats
  2 frilled lizards (D:1)
  2 kobolds (D:1)
  3 rats
35 creatures vanquished.

Notes
Turn   | Place    | Note
-------+----------+-------------------------------------------
     0 | D:1      | lunkers the Meteoran Warper began the quest for the Orb.
     0 | D:1      | Reached XP level 1. HP: 17/17 MP: 5/5
    64 | D:1      | Reached skill level 3 in Maces & Flails
    93 | D:1      | Found Buch's Book Emporium.
   109 | D:1      | Reached XP level 2. HP: 15/24 MP: 6/6
   199 | D:1      | Reached skill level 4 in Maces & Flails
   218 | D:1      | Found Kihut's Assorted Antiques.
   230 | D:1      | Reached XP level 3. HP: 29/29 MP: 8/8
   322 | D:1      | Found a faded altar of an unknown god.
   334 | D:1      | Prayed at the altar of an unknown god.
   334 | D:1      | Became a worshipper of Fedhas Madash
   334 | D:1      | Reached * piety under Fedhas
   475 | D:2      | Reached skill level 5 in Maces & Flails
   661 | D:3      | Reached XP level 4. HP: 36/36 MP: 9/9
   898 | D:3      | Slain by a gnoll

Illustrated notes

Levels and vault maps discovered:
D:1:      lightli_iron_boxes, layout_basic,
          hellmonk_ecumenical_altar_pennies_from_heaven, serial_shops, shop,
          nicolae_shop_back_alley_shop, shop, chequers_serial_rivers_marsh,
          minivault_25
D:2:      layout_basic
D:3:      layout_basic, mainiacjoe_overflow_two_lobes

Skill      XL: |  1  2  3 |
---------------+----------+-----
Maces & Flails | 3 4 5 |  5.4
Fighting       | |  2.1
Throwing       | |  1.2
Armour         | |  1.2
Dodging        | |  2.4
Spellcasting   | |  2.6
Translocations | |  3.6

Action                     |  1- 3 |  4- 6 || total
---------------------------+-------+-------++-------
  Melee: Mace              |    71 |    32 ||   103
         Punch             |     2 |       ||     2
    Use: Scroll            |     1 |       ||     1
 Armour: Leather armour    |    30 |    10 ||    40
  Dodge: Dodged            |    33 |    19 ||    52

Table legend: (Time is in decaauts)
 A = Elapsed time spent in this place.
 B = Non-inter-level travel time spent in this place.
 C = Inter-level travel time spent in this place.
 D = Time resting spent in this place.
 E = Time spent auto-exploring this place.
 F = Levels seen in this place.
 G = Mean time per level.
                   A        B        C        D        E       F      G
               +--------+--------+--------+--------+--------+-----+--------+
         Total |    917 |    867 |     50 |      0 |    590 |   3 |  305.7 |
       Dungeon |    917 |    867 |     50 |      0 |    590 |   3 |  305.7 |
               +--------+--------+--------+--------+--------+-----+--------+

Top non-repeatable levels by time:
     D:3: 374 daAuts
     D:1: 356 daAuts
     D:2: 185 daAuts
